 Dungeon Crawl Stone Soup version 0.28.0-1-gb440e238dd (webtiles) character file.

Game seed: 3023254014253750817

2961 issech the Basher (level 9, -1/79 HPs)
             Began as a Troll Monk on Feb 27, 2022.
             Was a Priest of Hepliaklqana.
             Slain by a killer bee (6 damage)
             ... on level 9 of the Dungeon.
             The game lasted 00:25:52 (6838 turns).

issech the Basher (Troll Monk)                      Turns: 6838, Time: 00:25:53

Health: -1/79      AC: 16    Str: 27    XL:     9   Next: 52%
Magic:  8/8        EV:  8    Int: 12    God:    Hepliaklqana [***...]
Gold:   241        SH:  5    Dex: 16    Spells: 8/8 levels left

rFire   . . .      SeeInvis .   t - +0 giant club
rCold   . . .      Faith    .   (shield currently unavailable)
rNeg    + . .      Spirit   .   J - +3 shadow dragon scales of Juuk Liz {Dex+2 Stlth++++}
rPois   .          Reflect  +   (helmet restricted)
rElec   .          Harm     .   (no cloak)
rCorr   .          Rampage  .   (gloves unavailable)
Will    .....                   (boots unavailable)
Stlth   +++.......              r - amulet "Koiwnoq" {Reflect Str+6 Dex-2 SH+5}
HPRegen 1.03/turn               e - ring of positive energy
MPRegen 0.11/turn               I - +6 ring of intelligence

@: no status effects
A: reduced essence, large, unfitting armour, claws 3, regeneration 1, shaggy fur
1, tough skin 1
a: Renounce Religion, Recall Ancestor, Ancestor Identity, Transference


You were on level 9 of the Dungeon.
You worshipped Hepliaklqana.
Hepliaklqana was most pleased with you.
You visited 2 branches of the dungeon, and saw 10 of its levels.

You collected 1151 gold pieces.
You spent 910 gold pieces at shops.

Inventory:

Hand Weapons
 a - a +0 mace
 h - a +0 hunting sling
 o - a +0 flail
 t - a +0 giant club (weapon)
 D - a +1 dagger of venom
 E - a +2 vampiric dagger
 F - a +0 hand crossbow
 N - a +4 scimitar of freezing
 O - a +2 vorpal great sword
Missiles
 c - 259 stones (quivered)
 f - 78 arrows
 K - 16 poisoned darts
 L - 23 bolts
 S - a boomerang
Armour
 b - a +0 robe
 u - a +0 animal skin
 J - the +3 shadow dragon scales of Juuk Liz (worn) {Dex+2 Stlth++++}
   (You acquired it on level 7 of the Dungeon)

   Dex:       It affects your dexterity (+2).
   Stlth:     It makes you much more stealthy.
Magical Staves
 n - a staff of fire
Jewellery
 e - a ring of positive energy (left claw)
 r - the amulet "Koiwnoq" (around neck) {Reflect Str+6 Dex-2 SH+5}
   (You acquired it on level 7 of the Dungeon)

   [amulet of reflection]

   It reflects blocked missile attacks.
   Str:       It affects your strength (+6).
   Dex:       It affects your dexterity (-2).
   SH:        It affects your SH (+5).
 I - a +6 ring of intelligence (right claw)
 R - a ring of willpower
Wands
 m - a wand of iceblast (16)
 Q - a wand of mindburst (8)
Scrolls
 d - 2 scrolls of magic mapping
 g - 3 scrolls of vulnerability
 w - 3 scrolls of immolation
 x - 3 scrolls of teleportation
 y - a scroll of silence
 B - a scroll of noise
 C - a scroll of identify
 G - 2 scrolls of amnesia
 H - a scroll of fog
 M - a scroll of brand weapon
Potions
 j - 4 potions of cancellation {unknown}
 k - 2 potions of lignification {unknown}
 l - 3 potions of flight {unknown}
 q - 2 potions of might {unknown}
 s - a potion of ambrosia {unknown}
 v - a potion of resistance {unknown}
 z - a potion of curing {unknown}
 A - 2 potions of heal wounds {unknown}
 P - a potion of degeneration {unknown}


   Skills:
 + Level 5.1 Fighting
 + Level 9.5 Maces & Flails
 + Level 0.1 Throwing
 + Level 2.3 Armour
 + Level 4.7 Dodging
 + Level 2.4 Stealth
 + Level 0.3 Shields


You had 8 spell levels left.
You didn't know any spells.
Your spell library contained the following spells:

 Spells                   Type           Power      Damage    Failure   Level
 Animate Skeleton         Necr           0%         N/A       90%         1
 Pain                     Necr           0%         1d4       90%         1
 Conjure Flame            Conj/Fire      0%         6-21      99%         3
 Gell's Gravitas          Tloc           0%         N/A       99%         3
 Ignite Poison            Fire/Tmut/Pois 0%         N/A       99%         3
 Lesser Beckoning         Tloc           0%         N/A       99%         3
 Teleport Other           Tloc           0%         N/A       99%         3
 Vampiric Draining        Necr           0%         2d6       99%         3
 Petrify                  Tmut/Erth      0%         N/A       100%        4
 Sticky Flame             Conj/Fire      0%         2d3       100%        4
 Fireball                 Conj/Fire      0%         3d3       100%        5
 Metabolic Englaciation   Hex/Ice        0%         N/A       100%        5
 Summon Forest            Summ/Tloc      0%         N/A       100%        5
 Summon Mana Viper        Hex/Summ       0%         N/A       100%        5
 Starburst                Conj/Fire      0%         6d3       100%        6
 Statue Form              Tmut/Erth      0%         N/A       100%        6
 Summon Cactus Giant      Summ           0%         N/A       100%        6
 Ignition                 Fire           0%         3d3       100%        8


Dungeon Overview and Level Annotations

Branches:
Dungeon (9/15)             Temple (1/1) D:5
   Lair: D:8-11         Orc: D:9-12

Altars:
Ashenzari
Cheibriados
Dithmenos
Elyvilon
Fedhas
Gozag
Hepliaklqana
Kikubaaqudgha
Makhleb
Nemelex Xobeh
Okawaru
Qazlal
Ru
Sif Muna
Trog
Uskayaw
Vehumet
Wu Jian
Xom
Yredelemnul
The Shining One

Shops:
D:7 ??

Annotations:
D:8 2 transporters, browni3141's ghost, novice MiBe
D:9 Maurice


Innate Abilities, Weirdness & Mutations

Your life essence is reduced to manifest your ancestor. (-10% HP)
You are too large for most types of armour.
You have claws for hands.
Your natural rate of healing is unusually fast.
You are covered in fur. (AC +1)
You have tough skin. (AC +1)


Message History

* * * LOW HITPOINT WARNING * * *
You feel sick.
The killer bee stings you but does no damage.
You block the killer bee's attack.
You miss the killer bee.
The killer bee is moderately wounded.
You feel sick. The killer bee barely misses you.
The killer bee stings you but does no damage. x2
Unknown command.
You closely miss the killer bee.
The killer bee is moderately wounded.
You feel sick.
The killer bee stings you but does no damage. x2
Unknown command.
You miss the killer bee.
The killer bee is moderately wounded.
You feel sick. You block the killer bee's attack.
The killer bee closely misses you.
Unknown command.
You barely miss the killer bee.
The killer bee is moderately wounded.
You feel sick. You block the killer bee's attack.
The killer bee stings you but does no damage.
Unknown command.
You barely miss the killer bee.
The killer bee is moderately wounded.
You feel sick.
You are no longer poisoned.
The killer bee barely misses you.
The killer bee stings you but does no damage. x2
Unknown command.
You miss the killer bee.
The killer bee is moderately wounded.
The killer bee misses you.
The killer bee stings you but does no damage.
Unknown command.
You barely miss the killer bee.
The killer bee is moderately wounded.
The killer bee stings you.
You die...

#....# #........#
#....# #........#
#....# #........#
#....#####........##
#............#
#............#
#.....(......#
#.....y......#
############@#######
#..........#.#
#.########.#.#
########### #)#
#.#.# #.........#
#)# #.#.#
#.........# #.#
#.#.# #.........#
#.# #.#.#
#.........# #.#
#.#.###.....[...#
#.#
#...............#


You could see a killer bee.

Vanquished Creatures
  2 wyverns
  2 steam dragons
  2 water moccasins
  2 orc warriors
  An ogre (D:3)
  A centaur (D:7)
  2 phantoms
  A kobold brigand (D:9)
  A killer bee (D:9)
  2 wights (D:8)
  A bullfrog zombie (D:5)
  A hound (D:5)
  3 orc priests
  A centaur skeleton (D:5)
  A gnoll shaman (D:8)
  3 iguanas
  Natasha (thrice) (D:3)
  An orc wizard (D:7)
  A killer bee zombie (D:8)
  Robin (D:3)
  3 gnolls
  An adder (D:5)
  An ufetubus (D:6)
  An adder skeleton (D:5)
  A worm (D:2)
  A dart slug (D:3)
  8 orcs
  5 endoplasms
  3 giant cockroaches
  13 goblins
  6 hobgoblins
  3 quokkas
  7 ball pythons
  12 bats
  5 frilled lizards
  10 kobolds
  4 rats
116 creatures vanquished.

Vanquished Creatures (collateral kills)
  A steam dragon (D:8)
  An ogre (D:5)
  A sky beast (D:7)
  2 phantoms
  A water moccasin zombie (D:5)
  A killer bee (D:9)
  2 wights (D:8)
  A centaur zombie (D:9)
  A hound (D:5)
  2 jellies
  A bullfrog skeleton (D:6)
  3 orc wizards
  An adder (D:5)
  4 gnolls
  8 orcs
  A kobold (D:9)
31 creatures vanquished.

Vanquished Creatures (others)
  2 battlemagi
2 creatures vanquished.

Grand Total: 149 creatures vanquished

Notes
Turn   | Place    | Note
-------+----------+-------------------------------------------
     0 | D:1      | issech the Troll Monk began the quest for the Orb.
     0 | D:1      | Reached XP level 1. HP: 22/22 MP: 0/0
   170 | D:1      | Found a faded altar of an unknown god.
   176 | D:1      | Reached XP level 2. HP: 27/29 MP: 1/1
   391 | D:1      | Reached skill level 3 in Maces & Flails
   926 | D:2      | Reached XP level 3. HP: 27/36 MP: 2/2
  2017 | D:3      | Noticed Robin
  2018 | D:3      | Noticed Natasha
  2019 | D:3      | Noticed an ogre
  2024 | D:3      | Reached XP level 4. HP: 29/44 MP: 3/3
  2070 | D:3      | Killed Natasha
  2201 | D:3      | Noticed Natasha
  2208 | D:3      | Killed Natasha
  2245 | D:3      | Reached XP level 5. HP: 53/53 MP: 4/4
  2250 | D:3      | Noticed Natasha
  2252 | D:3      | Killed Robin
  2253 | D:3      | Reached skill level 4 in Maces & Flails
  2261 | D:3      | Killed an ogre
  2269 | D:3      | Killed Natasha
  2662 | D:4      | Reached XP level 6. HP: 52/61 MP: 5/5
  2708 | D:4      | You fall into a shaft and drop 1 floor!
  2708 | D:5      | Entered Level 5 of the Dungeon
  2740 | D:5      | Found a staircase to the Ecumenical Temple.
  2750 | Temple   | Entered the Ecumenical Temple
  3164 | Temple   | Became a worshipper of Hepliaklqana the Forgotten
  3164 | Temple   | Reached * piety under Hepliaklqana
  3164 | Temple   | Reached ** piety under Hepliaklqana
  3165 | Temple   | Remembered your ancestor Sunngifu as a battlemage
  3292 | D:5      | Reached skill level 5 in Maces & Flails
  3389 | D:5      | Reached XP level 7. HP: 41/60 MP: 6/6
  3443 | D:5      | Reached skill level 6 in Maces & Flails
  4257 | D:6      | Reached XP level 8. HP: 70/70 MP: 7/7
  4402 | D:6      | Reached skill level 7 in Maces & Flails
  4605 | D:7      | Found Loodeekk's Magic Scroll Shoppe.
  4634 | D:7      | Bought 3 scrolls of identify for 78 gold pieces
  4634 | D:7      | Bought a scroll of identify for 26 gold pieces
  4634 | D:7      | Bought a scroll of identify for 26 gold pieces
  4634 | D:7      | Bought 2 scrolls of identify for 52 gold pieces
  4635 | D:7      | Identified a scroll of acquirement
  4640 | D:7      | Acquired 846 gold pieces
  4681 | D:7      | Reached *** piety under Hepliaklqana
  4980 | D:7      | Acquired the amulet "Koiwnoq" {Reflect Str+6 Dex-2 SH+5}
  4987 | D:7      | Found Taijuw's Magic Scroll Emporium.
  4997 | D:7      | Bought a scroll of acquirement for 728 gold pieces
  5014 | D:7      | Acquired the +3 shadow dragon scales of Juuk Liz {Dex+2
                  | Stlth++++}
  5028 | D:7      | Reached skill level 8 in Maces & Flails
  5377 | D:8      | Found a transporter.
  5397 | D:8      | Noticed browni3141's ghost (novice MiBe)
  5400 | D:8      | Identified the +4 great mace of Truth {spect, rF+ rC- Int+2
                  | Dex+3}
  5409 | D:8      | Found a transporter.
  5420 | D:8      | Reached XP level 9. HP: 78/78 MP: 8/8
  5814 | D:8      | Reached skill level 1 in Armour
  6107 | D:8      | Reached skill level 9 in Maces & Flails
  6271 | D:8      | Reached skill level 5 in Fighting
  6793 | D:9      | Noticed Maurice
  6820 | D:9      | HP: 1/79 [killer bee (7)]
  6825 | D:9      | HP: 1/79 [poisoned by a killer bee]
  6830 | D:9      | HP: 2/79 [killer bee (1)]
  6835 | D:9      | HP: 2/79 [poisoned by a killer bee]
  6838 | D:9      | Slain by a killer bee

Illustrated notes

Levels and vault maps discovered:
D:1:      amcnicky_arrival_choice, layout_loops_cross,
          dreamdust_ecumenical_altar_statues, amcnicky_mini_pool_small,
          supply_closet_lemuel
D:2:      layout_basic
D:3:      layout_rooms, uniq_robin, uniq_natasha
D:4:      layout_basic, uniq_duvessa
D:5:      layout_basic, minmay_temple_entry_poolview
D:6:      layout_rooms
D:7:      layout_loops_ring, serial_shops, nicolae_shop_statue_plus,
          nicolae_stop_n_shop_1
D:8:      layout_basic, gammafunk_ghost_smash
D:9:      layout_basic, hangedman_weighted_door, uniq_erolcha, uniq_maurice
Temple:   mainiacjoe_temple_trianglar_array

Skill      XL: |  1  2  3  4  5  6  7  8  9 |
---------------+----------------------------+-----
Maces & Flails | 3 4 5 6 8 9 |  9.5
Dodging        | 3 4 |  4.7
Fighting       | 3 4 5 |  5.1
Stealth        | 2 |  2.4
Armour         | 2 |  2.3
Throwing       | |  0.1
Shields        | |  0.3

Action                   |  1- 3 |  4- 6 |  7- 9 || total
-------------------------+-------+-------+-------++-------
Melee: Mace              |   115 |       |       ||   115
       Punch             |     2 |       |       ||     2
       Flail             |    55 |    70 |       ||   125
       Giant club        |       |    30 |   170 ||   200
Throw: Stone             |       |       |     3 ||     3
Invok: Ancestor Life: Ba |       |     1 |       ||     1
  Use: Scroll            |       |     3 |    14 ||    17
 Stab: Sleeping          |     1 |     1 |     4 ||     6
       Distracted        |       |     1 |     3 ||     4
Armor: Robe              |   103 |    12 |       ||   115
       Animal skin       |       |    10 |    26 ||    36
       Shadow dragon sca |       |       |    73 ||    73
       Skin              |       |       |     1 ||     1
Dodge: Dodged            |   126 |    51 |   106 ||   283
Block: Other             |       |       |    24 ||    24
